Unix NetHack Version 5.0.0-0 post-release - last build May 23 2026 06:08:33 (1c0ff79ee797540d5714e4e18072db0edd9e58ae,branch:main).

Game began 2026-05-29 06:57:32, ended 2026-05-29 06:58:42.

Brudee, neutral female human Tourist

    -----          ----                          ----- -------
    |...--         |..---   ------     ----      |...|--.|.|.-----
    |....----   ----....|   |....------|..---    |...||.......|..|
    |.......-----.......|   --....||..--....|    |..---..........|
    ---......|......--..--   |-.|.||........|    |-.||...........---
      |.|...-|......|--..|---|..|.|--.-----.|   --..---....>.......--
      |.|--------...----.--..|.-|.--|.--  |.|  --....--.............---    ---
  --- |.|     ---....--|.......||...|..----.|  |..........---.........---- |.--
 --.--|.|     |.......|------------.....-|..|  |..........| ---.....|....---..|
 |...--.-------....--.|           |...|..|..----..........|   ---..---.-@....-|
 --......|.|.......||.----        --..--.|-...............--    ----|..G.<....|
  |..........---.---|..|.----      --....---------.--......|        |...0---.--
  --.........-----  --....|.|       ----...|     -------...|        --...-----
   |-.........|     --......|     ------...--       --.....--        ---...|
   |...----...|     |......--     |.........|       |.......|          ---.|
   --..|  --.--     |..--.--      --........|       --......|          --..|
    ----   ---      -------        |........|        --....--          |...|
                                   ---.....--         --.---           --..|
                                     ---.---           ---              ----
                                       ---
Brudee the Rambler          St:8 Dx:14 Co:16 In:14 Wi:6 Ch:17  Neutral S:186
Dlvl:4  $:873 HP:0(10) Pw:2(2) AC:4  Xp:1/9 T:69 

Latest messages:
 [The Lady has chosen you to recover the Amulet of Yendor for Her.]
 Aloha Brudee, welcome to NetHack!  You are a neutral female human Tourist.
 You don't have anything else to put on.
 Set fruit to what? twinkie
 You see here a banded mail.
 k - a banded mail.
 What do you want to wear? [k or ?*] k
 You finish your dressing maneuver.
 You swap places with Shaggy.
 You descend the stairs.
 What do you want to read? [fg or ?*] g
 As you read the scroll, it disappears.
 A map coalesces in your mind!
 You swap places with Shaggy.
 The door resists!
 The door opens.
 l - a jade ring.
 There is nothing here to pick up.
 You descend the stairs.
 You swap places with Shaggy.
 You hear someone counting gold coins.
 You swap places with Shaggy.
 m - a scroll labeled XOR OTA.
 You see here a statue of a gecko.
 You swap places with Shaggy.
 You descend the stairs.
 What do you want to read? [fm or ?*] ?
 As you read the scroll, it disappears.
 A map coalesces in your mind!
 You fall into a pit!
 You are still in a pit.
 You hear a chugging sound.
 A dart misses you.
 You are still in a pit.
 The gnome hits!
 You die...
 Do you want your possessions identified? [ynq] (y) y
 Do you want to see your attributes? [ynq] (y) q

Inventory:
 Coins    ('$')
  $ - 873 gold pieces
 Weapons  (')')
  a - 26 +2 darts (at the ready)
 Armor    ('[')
  h - an uncursed +0 Hawaiian shirt with a hibiscus flower motif (being worn)
  k - an uncursed +0 banded mail (being worn)
 Comestibles  ('%')
  c - 5 uncursed slime molds
  b - 7 uncursed food rations
 Scrolls  ('?')
  m - an uncursed scroll of identify
  f - 2 uncursed scrolls of magic mapping
 Potions  ('!')
  e - a blessed potion of extra healing
  d - an uncursed potion of extra healing
 Rings    ('=')
  l - an uncursed ring of conflict
 Tools    ('(')
  j - an uncursed credit card
  i - an expensive camera (0:47)

Brudee the Tourist's attributes:

Background:
 You were a Rambler, a level 1 female human Tourist.
 You were neutral, on a mission for The Lady
 who was opposed by Blind Io (lawful) and Offler (chaotic).
 You were right-handed.
 You were in the Gnomish Mines, on level 4.
 You entered the dungeon 69 turns ago.
 You had 9 experience points, 11 more were needed to attain level 2.
 Your score was 186 before end-of-game adjustments.

Basics:
 You had 0 out of 10 hit points.
 You had both energy points (spell power).
 Your armor class was 4.
 Your wallet contained 873 zorkmids.
 Autopickup was on for '$!=+?/"' plus thrown.

Final Characteristics:
 Your strength was 8 (limit:18/100).
 Your dexterity was 14 (limit:18).
 Your constitution was 16 (limit:18).
 Your intelligence was 14 (limit:18).
 Your wisdom was 6 (limit:18).
 Your charisma was 17 (limit:18).

Final Status:
 You were trapped in a pit.
 You weren't hungry.
 You were unencumbered.
 You were bare handed.
 You were unskilled in bare handed combat.

Final Attributes:
 You were nominally aligned.
 You were warded.
 You are dead.

Miscellaneous:
 You didn't encounter any bones levels.
 Total elapsed playing time was 1 minute and 9 seconds.

Major events:
 Turn
    1: Brudee the neutral female human Tourist entered the dungeon
   65: entered the Gnomish Mines
   69: killed by a gnome

You didn't know any spells.

Skills:
 Fighting Skills
   bare handed combat [Unskilled]
   two weapon combat  [Unskilled]
   riding             [Unskilled]
 Weapon Skills
   dagger             [Unskilled]
   knife              [Unskilled]
   axe                [Unskilled]
   pick-axe           [Unskilled]
   short sword        [Unskilled]
   broadsword         [Unskilled]
   long sword         [Unskilled]
   two-handed sword   [Unskilled]
   saber              [Unskilled]
   mace               [Unskilled]
   morning star       [Unskilled]
   flail              [Unskilled]
   hammer             [Unskilled]
   quarterstaff       [Unskilled]
   polearms           [Unskilled]
   spear              [Unskilled]
   trident            [Unskilled]
   lance              [Unskilled]
   bow                [Unskilled]
   sling              [Unskilled]
   crossbow           [Unskilled]
   dart               [Basic]
   shuriken           [Unskilled]
   boomerang          [Unskilled]
   whip               [Unskilled]
   unicorn horn       [Unskilled]
 Spellcasting Skills
   divination spells  [Unskilled]
   enchantment spells [Unskilled]
   escape spells      [Unskilled]

Voluntary challenges:
 Character rerolling was not enabled.
 You went without food.
 You were an atheist.
 You never hit with a wielded weapon.
 You were a pacifist.
 You never genocided any monsters.
 You never polymorphed an object.
 You never changed form.
 You used no wishes.
Achievement:
 You entered the Gnomish Mines.

 The Dungeons of Doom: levels 1 to 3
    Level 1:
    Level 2:
    Level 3:
       A fountain.
       Stairs down to The Gnomish Mines.
 The Gnomish Mines:
    Level 4: <- You were here.
       Final resting place for
          you, killed by a gnome.


No creatures were vanquished.

No species were genocided or became extinct.

Game over:
                       ----------
                      /          \
                     /    REST    \
                    /      IN      \
                   /     PEACE      \
                  /                  \
                  |      Brudee      |
                  |      873 Au      |
                  |   killed by a    |
                  |      gnome       |
                  |                  |
                  |                  |
                  |       2026       |
                 *|     *  *  *      | *
        _________)/\\_//(\/(/\)/\//\/|_)_______

Aloha Brudee the Tourist...

You died in The Gnomish Mines on dungeon level 4 with 186 points,
and 873 pieces of gold, after 69 moves.
You were level 1 with a maximum of 10 hit points when you died.

